Map: Prion Terraces

Players

GoodGame

  • Race: Terran Terran
  • League: Gold

goonyorange - Winner!

  • Race: Terran Terran
  • League: Gold

VOD

Have the link to the VOD?

Description

Time

  • Played on: March 11, 2016, 6:45 a.m.
  • Length: 18:24
Show
View Real Time Build Order
Export as new Build Order

GoodGame Terran 

Build Orders: MMM Bio 

Get SALT Encoding   

  12  0:01  SCV  
  13  0:14  SCV  
  14  0:22  Supply Depot  
  14  0:26  Refinery  
  14  0:29  SCV  
  15  0:45  SCV  
  15  0:49  Barracks  
  16  0:57  SCV  
  17  1:10  SCV  
  18  1:11  Refinery  
  18  1:22  SCV  
  19  1:34  SCV  
  19  1:36  Reaper  
  19  1:39  Supply Depot  
  21  1:45  Factory  
  21  1:46  SCV  
  22  1:58  Orbital Command  
  22  2:09  Reaper  
  23  2:26  SCV  
  24  2:30  Factory Tech Lab  
  24  2:31  Starport  
  24  2:38  SCV  
  24  2:39  Supply Depot  
  24  2:42  Supply Depot  
  25  2:45  Barracks Reactor  
  25  2:50  SCV  
  26  2:52  Siege Tank  
  29  3:02  SCV  
  30  3:08  Starport Tech Lab  
  30  3:15  Engineering Bay  
  30  3:21  Marine x2  
  30  3:26  Fusion Core  
  32  3:30  Widow Mine  
  32  3:33  SCV  
  35  3:39  Marine x2  
  37  3:54  Viking  
  39  3:58  Missile Turret, SCV  
  40  4:14  Advanced Ballistics  
  40  4:15  Supply Depot  
  40  4:16  SCV  
  41  4:22  Command Center  
  41  4:24  Marine  
  42  4:37  Barracks, Marine  
  43  4:42  Barracks  
  43  4:58  Marine  
  44  5:03  Siege Tank  
  44  5:04  Marine  
  47  5:11  Supply Depot  
  47  5:15  Liberator  
  47  5:31  Barracks Tech Lab  
  50  5:51  Orbital Command  
  50  5:57  Missile Turret  
  50  5:59  Terran Infantry Weapons Level 1  
  50  6:03  SCV  
  54  6:04  Siege Tank, Barracks Tech Lab  
  54  6:17  Barracks Reactor  
  54  6:19  Command Center  
  54  6:25  Orbital Command  
  54  6:30  Stimpack  
  54  6:31  Marine x2  
  56  7:14  Viking  
  56  7:15  Marine x4  
  56  7:18  Siege Tank  
  56  7:19  SCV  
  56  7:22  Engineering Bay  
  63  7:26  Armory  
  63  7:29  Supply Depot  
  63  7:35  SCV x2  
  65  7:46  Marine x2  
  65  7:48  SCV x2  
  65  7:50  Combat Shields  
  69  8:00  SCV x2  
  69  8:01  Marine  
  69  8:02  Marine  
  73  8:06  Missile Turret  
  73  8:08  SCV  
  73  8:12  SCV x2  
  76  8:14  Terran Infantry Armor Level 1  
  76  8:16  Hi-Sec Auto Tracking  
  76  8:21  Marine x2  
  76  8:24  SCV x2  
  76  8:37  Siege Tank  
  79  8:55  Orbital Command  
  66  8:58  Barracks, Medivac  
  68  9:08  Refinery  
  68  9:12  SCV x2  
  68  9:14  Refinery  
  68  9:15  Terran Vehicle Weapons Level 1  
  70  9:24  SCV x2  
  70  9:27  Missile Turret  
  70  9:28  Missile Turret  
  72  9:34  SCV  
  72  9:36  SCV x2  
  75  9:44  Marine x2  
  75  9:45  Marine x2  
  78  9:46  SCV  
  78  9:47  Siege Tank  
  78  9:48  SCV  
  83  10:02  Marine x2  
  83  10:05  Marine x2  
  87  10:07  Barracks Reactor  
  87  10:12  Missile Turret  
  87  10:14  SCV x3  
  89  10:20  Marine x2  
  92  10:22  Marine  
  93  10:32  Supply Depot x2  
  93  10:35  Terran Infantry Weapons Level 2, Supply Depot  
  93  10:36  Liberator  
  93  10:37  Terran Infantry Armor Level 2  
  93  10:44  Missile Turret  
  93  10:53  Marine  
  97  11:29  Marine  
  97  11:30  Marine x4  
  97  12:00  Marine x4  
  97  12:01  Marine x2  
  103  12:02  Siege Tank  
  106  12:10  Terran Vehicle And Ship Armor Level 1  
  92  12:29  Orbital Command, Missile Turret  
  91  12:30  Marine x3  
  91  12:31  Marine x3  
  97  12:42  Barracks  
  97  12:48  Barracks, Marine  
  97  12:49  Barracks  
  97  12:51  Marine x5  
  103  13:09  Medivac  
  105  13:15  Starport  
  105  13:16  Starport  
  105  13:20  Terran Infantry Armor Level 3  
  105  13:21  Terran Infantry Weapons Level 3  
  105  13:24  Concussive Shells, Barracks  
  105  13:25  Marine x6  
  111  13:27  SCV x3  
  114  13:37  Refinery  
  114  13:39  Refinery, SCV, Medivac  
  117  13:52  SCV  
  98  14:06  Marine x6  
  98  14:07  Marine x3  
  98  14:09  Medivac  
  109  14:23  Marine  
  109  14:24  Marine x3  
  110  14:27  Marine x2  
  110  14:29  Barracks Reactor  
  110  14:30  Barracks Reactor x3  
  113  14:32  Supply Depot  
  113  14:33  Supply Depot  
  113  14:37  Supply Depot  
  113  14:38  Supply Depot  
  113  14:41  Marine  
  114  15:00  SCV x3  
  114  15:05  Medivac  
  119  15:12  SCV x3  
  122  15:24  SCV x3  
  125  15:36  SCV  
  125  15:39  Command Center  
  126  15:45  Starport Reactor  
  126  15:46  Starport Reactor  
  126  15:48  Supply Depot  
  121  16:25  SCV x3  
  118  16:26  Marine x2  
  118  16:27  Marine  
  118  16:28  Medivac  
  118  16:30  Medivac x3  
  118  16:32  Viking  
  131  16:37  SCV x3  
  127  16:58  Medivac  
  129  17:15  Orbital Command  
  129  17:18  Marine x3  
  129  17:19  Marine x9  
  129  17:20  Refinery x2  
  141  17:28  Viking  
  143  17:36  Marine  
  120  18:01  Marine x11  
  120  18:02  Marine  
Show
View Real Time Build Order
Export as new Build Order

goonyorange Terran - Winner!

Build Orders: 1/1/1, Liberator Opening 

Get SALT Encoding   

  12  0:10  SCV  
  13  0:22  SCV  
  13  0:23  Supply Depot  
  14  0:34  SCV  
  15  0:41  Refinery  
  15  0:45  Barracks  
  15  0:46  SCV  
  16  0:58  SCV  
  17  1:08  Refinery  
  17  1:10  SCV  
  18  1:18  Supply Depot  
  18  1:32  Orbital Command  
  18  1:33  Marine  
  19  1:42  Factory  
  19  1:51  Marine  
  20  1:58  SCV  
  21  2:09  Marine  
  21  2:10  SCV  
  23  2:26  Factory Tech Lab  
  23  2:27  Marine  
  23  2:29  Starport  
  24  2:32  SCV  
  25  2:44  SCV, Marine  
  25  2:48  Siege Tank  
  25  2:50  Supply Depot  
  30  2:55  Liberator  
  30  2:57  SCV  
  31  3:12  Marine  
  34  3:27  Siege Tank  
  37  3:52  Marine  
  38  4:10  Marine  
  39  4:22  Command Center  
  39  4:23  Barracks  
  39  4:25  Barracks  
  39  4:59  Siege Tank, SCV, Marine  
  38  5:11  SCV  
  39  5:17  Supply Depot  
  39  5:26  Barracks Reactor  
  39  5:27  Barracks Reactor  
  39  5:29  Barracks Tech Lab, SCV  
  39  5:33  Viking  
  41  5:37  Orbital Command  
  41  5:56  SCV  
  42  6:01  Marine  
  42  6:03  Viking  
  42  6:04  Siege Tank  
  48  6:11  Stimpack, SCV  
  48  6:12  SCV  
  50  6:24  SCV x2  
  52  6:25  Marine x2  
  52  6:26  Marine x2  
  52  6:27  Marauder  
  58  6:46  Command Center  
  58  6:47  Starport Reactor  
  58  6:51  Siege Tank  
  57  7:13  SCV  
  57  7:18  Marine x4  
  57  7:19  Marine  
  62  7:30  Supply Depot  
  62  7:32  Supply Depot  
  62  7:34  Supply Depot  
  62  7:51  Marine x4  
  62  7:52  SCV x2  
  62  7:54  Medivac  
  62  7:55  Command Center  
  70  8:00  Orbital Command  
  70  8:04  SCV x2  
  72  8:13  Marine x2  
  72  8:14  Marauder, Marine x2  
  72  8:16  SCV  
  75  8:43  Marine x4  
  75  8:44  Marine  
  73  9:01  Marine x3  
  73  9:02  Marauder  
  78  9:06  Barracks x2  
  78  9:08  Marine  
  79  9:10  Barracks, SCV  
  79  9:11  Barracks, SCV  
  79  9:12  Command Center, Orbital Command  
  81  9:17  Medivac x2  
  81  9:19  Marine  
  86  9:24  Engineering Bay  
  86  9:47  Medivac x2  
  86  9:51  Marine x3  
  93  9:53  Marine  
  94  10:11  SCV  
  94  10:12  SCV x2  
  97  10:16  Terran Infantry Weapons Level 1  
  97  10:17  Viking x2  
  101  10:23  SCV  
  101  10:24  SCV x2  
  100  10:35  SCV  
  100  10:36  SCV x2  
  103  10:48  Marine x4  
  107  10:51  Viking x2  
  111  11:00  Marine  
  112  11:06  Marine  
  112  11:08  Liberator  
  111  11:15  Marine x3  
  114  11:18  Barracks Reactor  
  114  11:19  Barracks Reactor x3  
  114  11:34  Marine  
  114  11:35  Marine  
  114  11:36  Liberator  
  114  11:39  Orbital Command  
  116  11:44  Supply Depot  
  116  11:45  Supply Depot x2  
  116  11:46  Supply Depot  
  116  11:47  Marine x2  
  116  11:48  Supply Depot x2, SCV  
  116  11:50  SCV x2, Marine  
  114  11:56  Marine  
  114  11:57  Marine  
  116  12:03  Refinery  
  116  12:05  Marine x8  
  116  12:06  Refinery  
  124  12:08  Supply Depot  
  124  12:09  Supply Depot  
  124  12:11  Marine  
  124  12:12  Supply Depot, Marine x2  
  124  12:13  Supply Depot  
  124  12:14  Marine x2  
  109  12:23  Marine  
  109  12:28  Marine x3  
  109  12:29  Marine x3  
  105  12:38  Medivac x2  
  109  12:55  Marine  
  109  12:56  Marine x10  
  120  13:08  Viking x2  
  120  13:10  Armory  
  120  13:12  Engineering Bay  
  124  13:13  Terran Infantry Armor Level 1  
  124  13:14  Combat Shields  
  124  13:16  Marine  
  124  13:17  Marine x8  
  133  13:38  Viking  
  69  14:11  Marine  
  69  14:12  Marine x12  
  70  14:24  Siege Tank  
  70  14:29  Marine  
  70  14:30  Marine x12  
  74  14:33  Concussive Shells  
  69  14:47  Marine x5  
  69  14:48  Marine x8  
  82  14:56  Siege Tank  
  85  15:01  Medivac  
  85  15:05  Marine x6  
  93  15:07  Factory  
  93  15:11  Factory  
  93  15:22  Marine  
  93  15:23  Marine x3  
  97  15:29  Siege Tank  
  100  15:41  Marine  
  101  15:47  Orbital Command  
  101  15:48  Terran Infantry Weapons Level 2  
  101  15:52  Terran Infantry Armor Level 2  
  101  16:00  Medivac  
  101  16:01  Siege Tank  
  104  16:22  Marine x2  
  104  16:23  Marine x6  
  105  16:46  Marine  
  105  16:47  Marine x5  
  111  17:12  Command Center  
  111  17:18  Siege Tank  
  111  17:20  Factory Tech Lab  
  114  17:24  Marine  
  114  17:25  Marine x2  
  114  17:27  Factory  
  117  17:39  Marine x2  
  117  17:55  Marine  
  117  17:57  Marine x4  
Tags
 
Add a new tag
Caveats
  • Supply blocks, unpowered buildings, or Contaminate may cause inaccurate times.
  • Supply counts are checked every 10 seconds.